 Dungeon Crawl Stone Soup version 0.24-a0-269-g32ec7ca (webtiles) character file.

Game seed: 8406720581093705581

691 AngleWyrm the Caller (level 7, -9/48 HPs)
             Began as a Merfolk Summoner on Apr 21, 2019.
             Killed by nerve-wracking pain
             ... invoked by an orc priest
              (13 damage)
             ... on level 5 of the Dungeon.
             The game lasted 01:27:09 (4971 turns).

AngleWyrm the Caller (Merfolk Summoner)             Turns: 4971, Time: 01:27:09

Health: -9/48      AC: 10    Str: 11    XL:     7   Next: 63%
Magic:  2/12       EV: 13    Int: 14    God:
Gold:   207        SH:  4    Dex: 17    Spells: 7/13 levels left

rFire    + . .     SeeInvis .   d - +3 dagger (elec)
rCold    . . .     Gourm    .   (no shield)
rNeg     . . .     Faith    .   k - +2 leather armour {rF+}
rPois    .         Spirit   .   (no helmet)
rElec    .         Reflect  +   l - +2 cloak
rCorr    .         Harm     .   y - +2 pair of gloves
MR       .....                  (no boots)
Stlth    ++........             n - +4 amulet of reflection
HPRegen  0.00/turn              q - +3 ring of dexterity
MPRegen  0.13/turn              (no ring)

@: no status effects
A: change form in water, swift swim, stealthy swim, deformed body, inhibited
regeneration, evolution 1, MP-powered wands
a: no special abilities


You were on level 5 of the Dungeon.
You were hungry.

You visited 1 branch of the dungeon, and saw 5 of its levels.
You also visited: Sewer.

You collected 207 gold pieces.

Inventory:

Hand Weapons
 d - a +3 dagger of electrocution (weapon)
 f - a +2 dagger of pain
 h - a cursed -2 dagger
 j - a +1 hunting sling of flaming
 u - a +3 mace of draining
Missiles
 e - 204 stones (quivered)
 i - 121 arrows
Armour
 a - a +0 robe
 k - a +2 leather armour of fire resistance (worn)
 l - a +2 cloak (worn)
 y - a +2 pair of gloves (worn)
Jewellery
 n - a +4 amulet of reflection (around neck)
 q - a +3 ring of dexterity (left hand)
Wands
 w - a wand of paralysis (13)
Scrolls
 o - a scroll of fear
 p - 2 scrolls of teleportation
 r - 3 scrolls of amnesia
 t - 3 scrolls of remove curse
Potions
 b - 2 potions of agility
 g - 3 potions of curing
 x - 4 potions of might
Comestibles
 c - 10 rations
 m - 11 chunks of flesh


   Skills:
 + Level 1.4 Fighting
 * Level 3.8 Short Blades
 + Level 1.5(1.6) Slings
 + Level 0.3(1.2) Throwing
 * Level 2.3 Armour
 + Level 3.3 Dodging
 + Level 3.4 Stealth
 + Level 3.6 Spellcasting
 + Level 5.3 Summonings


You had 7 spell levels left.
You knew the following spells:

 Your Spells              Type           Power        Failure   Level  Hunger
a - Summon Small Mammal   Summ           ###.         3%          1    None
b - Call Imp              Summ           ###.....     4%          2    ##.....
c - Call Canine Familiar  Summ           ###.....     9%          3    ###....

Your spell library contained the following spells:

 Spells                   Type           Power        Failure   Level  Hunger
 Summon Guardian Golem    Hex/Summ       ##......     26%         3    ###....
 Summon Ice Beast         Ice/Summ       ##......     65%         4    ####...
 Summon Lightning Spire   Summ/Air       ##......     65%         4    ####...


Dungeon Overview and Level Annotations

Branches:
Dungeon (5/15)
 Temple: D:4-7

Altars:
Trog
Vehumet

Annotations:
D:5 Edmund


Innate Abilities, Weirdness & Mutations

You revert to your normal form in water You are very nimble and swift while swimming.
You are very stealthy in the water. (Stealth+)
Armour fits poorly on your strangely shaped body.
You do not regenerate when monsters are visible.
You evolve.
You expend magic power (3 MP) to strengthen your wands.


Message History

The ice beast hits your crimson imp.
The ice beast freezes your crimson imp!!
Your crimson imp is frozen!
Your crimson imp dies!
Your hound bites the ice beast.
Your crimson imp misses the ice beast.
The bullfrog zombie hits you.
* * * LOW HITPOINT WARNING * * *
You feel better.
Your hound closely misses the ice beast.
The orc hits you but does no damage.
Your crimson imp blinks!
The bullfrog zombie barely misses you. Edmund hits you but does no damage.
The gnoll hits you from afar with a +0 spear.
Your hound bites the ice beast but does no damage.
The orc priest mumbles some strange prayers to Beogh against you.
Beogh smites you!
* * * LOW HITPOINT WARNING * * *
The orc priest invokes the aid of Beogh against you.
Pain shoots through your body!
You die...

..........## ###
........§..## .
...5..<.h.†.## .#
.......)).5..#.#..
..........Y........
.....o..oo@........
........#.......###
.[.....#ZS.....##
.......@...####.#
.##.##..#.## ## #
#.###.# .. #.. ..#
... ..# ##. ##. ##


You could see Edmund, an ice beast, an orc priest, an adder, an orc, a bullfrog
zombie and 2 friendly crimson imps.

Vanquished Creatures
  2 phantoms (D:4)
  A big kobold (Sewer)
  A hound (D:4)
  An orc wizard (D:4)
  A bullfrog skeleton (D:4)
  A worker ant (D:4)
  4 adders
  A river rat (Sewer)
  A shadow imp (D:5)
  An adder skeleton (D:4)
  2 leopard geckos (D:4)
  5 orcs
  3 bats
  2 giant cockroaches
  7 goblins
  3 hobgoblins (D:3)
  6 kobolds
  3 quokkas
  3 frilled lizards
  A quokka skeleton (D:5)
  12 rats
61 creatures vanquished.

Vanquished Creatures (collateral kills)
  An ogre (D:3)
  A big kobold (Sewer)
  A bullfrog (D:4)
  2 orc wizards (D:4)
  2 worker ants (D:5)
  2 gnolls (D:5)
  3 adders
  A shadow imp (D:4)
  4 worms
  12 orcs
  3 bats
  3 giant cockroaches
  12 goblins
  7 hobgoblins
  5 kobolds
  5 quokkas
  A ball python (D:5)
  2 frilled lizards (D:1)
  5 rats
72 creatures vanquished.

Grand Total: 133 creatures vanquished

Notes
Turn   | Place    | Note
-------+----------+-------------------------------------------
     0 | D:1      | AngleWyrm the Merfolk Summoner began the quest for the Orb.
     0 | D:1      | Reached XP level 1. HP: 13/13 MP: 3/3
   421 | D:1      | Reached XP level 2. HP: 19/19 MP: 1/5
   426 | D:1      | Learned a level 2 spell: Call Imp
  1172 | D:2      | Found a radiant altar of Vehumet.
  1634 | D:2      | Reached skill level 1 in Short Blades
  1653 | D:2      | Reached XP level 3. HP: 24/24 MP: 4/6
  2281 | D:3      | Found a glowing drain.
  2357 | Sewer    | Entered a sewer
  2395 | Sewer    | Noticed a big kobold
  2426 | Sewer    | Killed a big kobold
  2426 | Sewer    | Reached skill level 1 in Armour
  2426 | Sewer    | Reached XP level 4. HP: 24/31 MP: 1/7
  2431 | Sewer    | Learned a level 3 spell: Call Canine Familiar
  2553 | Sewer    | Reached XP level 5. HP: 36/36 MP: 3/8
  2574 | Sewer    | Noticed a big kobold
  2582 | Sewer    | Killed a big kobold
  3056 | D:3      | Noticed an ogre
  3091 | D:3      | Killed an ogre
  3091 | D:3      | Reached skill level 5 in Summonings
  3091 | D:3      | Reached XP level 6. HP: 42/42 MP: 0/10
  3446 | D:3      | Found a bloodstained altar of Trog.
  3892 | D:4      | Reached skill level 1 in Fighting
  4117 | D:4      | Noticed a phantom
  4122 | D:4      | Noticed a phantom
  4162 | D:4      | Killed a phantom
  4162 | D:4      | Reached XP level 7. HP: 40/48 MP: 6/12
  4215 | D:4      | Reached skill level 1 in Slings
  4679 | D:4      | Gained mutation: You do not regenerate when monsters are
                  | visible. [potion of mutation]
  4679 | D:4      | Gained mutation: Armour fits poorly on your strangely
                  | shaped body. [potion of mutation]
  4679 | D:4      | Gained mutation: You evolve. [potion of mutation]
  4679 | D:4      | Gained mutation: You expend magic power (3 MP) to
                  | strengthen your wands. [potion of mutation]
  4681 | D:5      | Entered Level 5 of the Dungeon
  4953 | D:5      | Noticed Edmund
  4971 | D:5      | Killed from afar by an orc priest

Levels and vault maps discovered:
D:1:      elethiomel_arrival_shortcut, layout_loops_cross
D:2:      layout_loops_ring, lemuel_crystal_altar, minmay_hexomino_p4
D:3:      layout_basic, bloody_trog, portal_sewer_entry_d, first_ration,
          minmay_ogre_servants
D:4:      layout_cave_pools, minmay_hedge_maze
D:5:      layout_layer_cave, tso_oasis_becter, led_sif_pool, lemuel_round_altar,
          uniq_edmund
Sewer:    sewer_minmay_treatment

Skill      XL: |  1  2  3  4  5  6  7 |
---------------+----------------------+-----
Short Blades   | 1 2 3 |  3.8
Armour         | 1 2 |  2.3
Dodging        | 3 |  3.3
Spellcasting   | 3 |  3.6
Summonings     | 5 |  5.3
Stealth        | 3 |  3.4
Fighting       | 1 |  1.4
Slings         | 1 |  1.5
Throwing       | |  0.3

Action                   |  1- 3 |  4- 6 |  7- 9 || total
-------------------------+-------+-------+-------++-------
Melee: Short sword       |    34 |       |       ||    34
       Dagger            |    54 |    79 |    54 ||   187
 Fire: Hunting sling     |     4 |    15 |     6 ||    25
Throw: Stone             |     9 |     1 |     4 ||    14
 Cast: Summon Small Mamm |     8 |       |     2 ||    10
       Call Imp          |    28 |    28 |    15 ||    71
       Call Canine Famil |       |     8 |     4 ||    12
  Use: Scroll            |     8 |     2 |     3 ||    13
       Potion            |       |     2 |     4 ||     6
 Stab: Sleeping          |     2 |       |       ||     2
       Distracted        |       |     2 |     3 ||     5
  Eat: Chunk             |     7 |     8 |     3 ||    18
Armor: Robe              |    28 |    18 |     3 ||    49
       Leather armour    |       |       |     7 ||     7
Dodge: Dodged            |    66 |    37 |    25 ||   128
Block: Other             |     6 |    20 |    11 ||    37
       Reflection        |       |     1 |       ||     1

Table legend:
 A = Non-vault XP
 B = Vault XP
 C = Vault XP percentage of total XP
 D = Non-vault monster count
 E = Vault monster count
 F = Vault count percentage of total count
                 A         B        C        D         E       F
            +---------+---------+-------+---------+---------+-------
      Total |     669 |     319 |  32.3 |     105 |      28 |  21.1
            +---------+---------+-------+---------+---------+-------
        D:1 |      19 |       0 |   0.0 |      15 |       0 |   0.0
        D:2 |      27 |       7 |  20.6 |      17 |       4 |  19.0
        D:3 |      59 |     133 |  69.3 |      31 |      10 |  24.4
        D:4 |     492 |       0 |   0.0 |      28 |       0 |   0.0
        D:5 |      72 |       0 |   0.0 |      14 |       0 |   0.0
      Sewer |       0 |     179 | 100.0 |       0 |      14 | 100.0
            +---------+---------+-------+---------+---------+-------
